 Dungeon Crawl Stone Soup version 0.30-a0-4-ga7cffc901d (webtiles) character file.

Game seed: 16436143914924465410

37 Spectrina the Magician (level 3, -3/26 HPs)
             Began as a Djinni Venom Mage on Aug 21, 2022.
             Slain by Grinder (7 damage)
             ... on level 3 of the Dungeon.
             The game lasted 00:05:53 (597 turns).

Spectrina the Magician (Djinni Venom Mage)           Turns: 597, Time: 00:05:53

Health: -3/26      AC:  4    Str:  5 (7)  XL:     3   Next: 62%
Gold:   69         EV: 12    Int: 15 (18) God:
                   SH:  0    Dex: 10 (13)

rFire   + + .      SeeInvis .    d - +0 whip (venom)
rCold   x . .      Faith    .    g - orb {light}
rNeg    . . .      Spirit   .    a - +0 robe
rPois   ∞          Reflect  .    (no helmet)
rElec   .          Harm     .    (no cloak)
rCorr   .          Rampage  .    (no gloves)
Will    .....                    (boots unavailable)
Stlth   +.........               (no amulet)
HPRegen 0.08/turn                (no ring)
MPRegen 0.00/turn                (no ring)

@: attractive, flying, glowing
A: sickness immunity, fire resistance 2, cold vulnerability 1, float, innate
caster, HP casting, extra vitality 1, iridescent scales 1, mutation resistance 1
a: no special abilities


You were on level 3 of the Dungeon.
You visited 1 branch of the dungeon, and saw 3 of its levels.

You collected 69 gold pieces.

Inventory:

Hand Weapons
 d - a +0 whip of venom (weapon)
Armour
 a - a +0 robe (worn)
 g - an orb of light (worn)
Scrolls
 c - a scroll of enchant weapon
Potions
 e - a potion of mutation


   Skills:
 + Level 0.9 Fighting
 + Level 2.5 Dodging
 + Level 2.0 Stealth
 * Level 2.8 Spellcasting
 + Level 0.9 Invocations


You couldn't memorise any spells.
You knew the following spells:

 Your Spells              Type           Power      Damage    Failure   Level
a - Sting                 Tmut/Pois      40%        1d5       6%          1
f - Necrotise             Necr           40%        1d6       6%          1
l - Mephitic Cloud        Conj/Pois/Air  10%        N/A       19%         3
q - Poisonous Vapours     Pois/Air       20%        N/A       10%         2
w - Olgreb's Toxic Radia  Pois           10%        N/A       54%         4
Your spell library was empty.

Dungeon Overview and Level Annotations

Branches:
Dungeon (3/15)

Altars:

Annotations:
D:2 Sigmund
D:3 Grinder


Innate Abilities, Weirdness & Mutations

You are immune to sickness and miasma.
You are immune to poison.
Your flesh is very heat resistant. (rF++)
You are vulnerable to cold. (rC-)
You float through the air rather than walking.
You learn spells naturally, not from books.
Your magical power is your life essence.
You have superior vitality. (+4 MHP)
You are partially covered in iridescent scales. (AC +2)
You are somewhat resistant to further mutation.


Message History

Okay, then.
Okay, then.
The air fills with toxic fumes!
As you read the scroll labelled PUPTALIHUMM, it crumbles to dust.
It was a scroll of poison.
Unknown command.
You barely miss Grinder. Grinder hits you!
You writhe in agony.
It was a potion of mutation.
You feel extremely strange.
Iridescent scales grow over part of your body.
You feel genetically stable. Grinder closely misses you.
It was a potion of degeneration.
There was something very wrong with that liquid.
You feel weakened.
You feel dopey.
You feel clumsy.
Grinder blinks!
It was a potion of attraction.
You feel attractive to monsters. Grinder is attracted toward you.
It was a potion of curing.
You feel better.
You hit Grinder.
Grinder is lightly wounded.
Grinder hits you.
You writhe in agony.
Casting: Sting (safe; 6% risk of failure)
Confirm with . or Enter, or press ? or * to list all spells.
Aiming: Sting (safe; 6% risk of failure)
Press: ? - help, Shift-Dir - straight line, f - Grinder
Aim: Grinder (poison gas, lightly wounded, haloed, 78% to hit)
The sting hits Grinder.
Grinder partially resists.
Grinder is poisoned.
Grinder is lightly wounded.
Grinder says, "Mostly I couldn't keep them alive."
Grinder hits you.
* * * LOW HITPOINT WARNING * * *
Unknown command.
Okay, then.
You aren't carrying any pieces of jewellery.
As you read the scroll labelled BOHIOP WOUTH, it crumbles to dust.
It is a scroll of identify.
c - a scroll of enchant weapon Grinder hits you!
You die...

..# #.. ###☼○§° ...
○§§☼§§° # #... §°☼○§☼○
.##.. §☼§°☼☼§ ....#####
. §§§☼§§§ #...... ..
§°§°☼○. #..#..##..
☼§§☼☼§§### ###.........
§°§§§§5@§####...........
°○○°☼§○#§§§##....<....#.
§§§§§#####○§§§☼.........
○§§§ ####§☼☼......#..
☼§° #....§§......... §○
#.....§......#.. ○
#...............##.
####............# .
#....#####...#


You could see Grinder (poisoned).

Vanquished Creatures
  2 adders (D:2)
  A dart slug (D:3)
  A bat (D:1)
  An endoplasm (D:2)
  A giant cockroach (D:1)
  2 goblins
  2 hobgoblins
  A quokka (D:1)
  5 ball pythons
  2 rats (D:1)
18 creatures vanquished.

Notes
Turn   | Place    | Note
-------+----------+-------------------------------------------
     0 | D:1      | Spectrina the Djinni Venom Mage began the quest for the
                  | Orb.
     0 | D:1      | Spectrina set off with the following spells memorised:
                  | Sting, Poisonous Vapours, Mephitic Cloud, Olgreb's Toxic
                  | Radiance.
     0 | D:1      | Reached XP level 1. HP: 15/15 MP: 0/0
   124 | D:1      | Reached XP level 2. HP: 12/22 MP: 0/0
   201 | D:2      | Noticed Sigmund
   379 | D:2      | Reached XP level 3. HP: 14/26 MP: 0/0
   379 | D:2      | Learned a level 1 spell: Necrotise
   588 | D:3      | Noticed Grinder
   591 | D:3      | Gained mutation: You are partially covered in iridescent
                  | scales. (AC +2) [potion of mutation]
   591 | D:3      | Gained mutation: You are somewhat resistant to further
                  | mutation. [potion of mutation]
   597 | D:3      | Slain by Grinder

Illustrated notes

Levels and vault maps discovered:
D:1:      onia_arrival_mini_maze_b, layout_rooms,
          shapermc_ecumenical_altar_pompeii, amcnicky_mini_rare_corridor_liquid,
          kennysheep_pointless_box
D:2:      layout_basic, uniq_jessica, uniq_sigmund, uniq_crazy_yiuf_cottage
D:3:      layout_rooms, lemuel_round_altar, minmay_pentomino_pile, uniq_ijyb,
          uniq_grinder

Skill      XL: |  1  2  3 |
---------------+----------+-----
Stealth        | 2 |  2.0
Fighting       | |  0.9
Dodging        | |  2.5
Spellcasting   | |  2.8
Invocations    | |  0.9

Action                   || total
-------------------------++-------
Melee: Unarmed           ||     9
       Whip              ||    11
 Cast: Sting             ||    20
       Necrotise         ||     3
  Use: Potion            ||     4
       Scroll            ||     2
Armor: Robe              ||     1
Dodge: Dodged            ||    13

Table legend: (Time is in decaauts)
 A = Elapsed time spent in this place.
 B = Non-inter-level travel time spent in this place.
 C = Inter-level travel time spent in this place.
 D = Time resting spent in this place.
 E = Time spent auto-exploring this place.
 F = Levels seen in this place.
 G = Mean time per level.
                   A        B        C        D        E       F      G
               +--------+--------+--------+--------+--------+-----+--------+
         Total |    597 |    597 |      0 |      0 |      0 |   3 |  199.0 |
       Dungeon |    597 |    597 |      0 |      0 |      0 |   3 |  199.0 |
               +--------+--------+--------+--------+--------+-----+--------+

Top non-repeatable levels by time:
     D:2: 371 daAuts
     D:1: 188 daAuts
     D:3: 37 daAuts
